Map: Arctic Flowers LE

Players

Mancilla

  • Race: Protoss Protoss
  • League: Diamond
  • Spawn Location: 7:00

Fiskn

  • Race: Terran Terran
  • Spawn Location: 7:00

Ekelpack - Winner!

  • Race: Zerg Zerg
  • Spawn Location: 1:00

Nyck - Winner!

  • Race: Terran Terran
  • Spawn Location: 1:00

VOD

Have the link to the VOD?

Description

Time

  • Played on: Dec. 18, 2024, 2:13 p.m.
  • Length: 14:38
Show
View Real Time Build Order
Export as new Build Order

Mancilla Protoss 

Build Orders: Phoenix Opening, Carriers 

Get SALT Encoding   

  12  0:00  Probe  
  13  0:12  Probe  
  14  0:17  Pylon  
  14  0:24  Probe  
  15  0:33  Probe  
  15  0:41  Probe  
  15  0:42  Gateway  
  17  0:50  Assimilator  
  17  0:51  Probe  
  17  0:56  Assimilator  
  18  1:03  Probe  
  19  1:10  Gateway  
  19  1:15  Probe  
  20  1:27  Probe  
  20  1:30  Cybernetics Core  
  21  1:37  Pylon  
  21  1:39  Probe  
  22  1:51  Probe  
  23  2:06  Sentry  
  23  2:07  Adept  
  23  2:08  Warp Gate  
  27  2:26  Nexus  
  27  2:31  Adept, Phoenix  
  29  2:39  Pylon  
  29  2:54  Probe  
  30  3:01  Shield Battery  
  30  3:07  Sentry  
  30  3:08  Pylon  
  30  3:10  Probe  
  30  3:11  Pylon  
  33  3:40  Probe x2  
  35  3:43  Robotics Facility  
  35  3:46  Twilight Council  
  35  3:50  Gateway  
  35  3:54  Gateway  
  35  4:02  Phoenix  
  35  4:14  Probe  
  35  4:15  Blink, Probe  
  37  4:20  Pylon  
  37  4:26  Probe  
  37  4:27  Probe  
  39  4:32  Observer  
  39  4:36  Robotics Bay  
  39  4:38  Stalker  
  42  4:39  Stalker  
  42  4:44  Probe x2  
  46  4:56  Probe  
  46  4:57  Probe  
  48  5:20  Stargate  
  48  5:21  Stargate  
  48  5:22  Probe x2  
  48  5:24  Assimilator  
  48  5:28  Assimilator, Forge  
  50  5:34  Probe x2  
  52  5:47  Nexus  
  52  5:48  Pylon  
  52  5:56  Phoenix  
  52  5:57  Probe, Phoenix  
  52  5:58  Probe  
  58  6:19  Phoenix  
  58  6:20  Phoenix  
  62  6:44  Phoenix  
  62  6:45  Phoenix  
  66  6:47  Shield Battery  
  66  6:49  Shield Battery  
  66  6:51  Fleet Beacon  
  66  6:53  Probe x2  
  68  6:58  Assimilator  
  68  7:03  Assimilator  
  68  7:05  Probe x2  
  70  7:13  Phoenix x2  
  74  7:18  Anion Pulse-Crystals  
  74  7:23  Probe x3  
  77  7:34  Stargate  
  77  7:35  Probe x3  
  80  7:47  Probe x2  
  80  7:48  Probe  
  83  7:52  Pylon, Colossus  
  83  7:53  Pylon  
  83  7:54  Pylon  
  89  7:59  Extended Thermal Lance  
  89  8:04  Probe  
  89  8:05  Probe x2  
  92  8:17  Probe x3  
  92  8:18  Photon Cannon  
  92  9:20  Nexus  
  92  9:23  Pylon  
  92  9:26  Assimilator  
  92  9:39  Pylon  
  104  9:46  Flux Vanes  
  104  9:47  Void Ray  
  104  9:48  Void Ray x2  
  104  9:55  Cybernetics Core, Probe x3  
  107  10:00  Photon Cannon  
  107  10:01  Dark Shrine, Photon Cannon  
  107  10:03  Photon Cannon  
  107  10:05  Photon Cannon  
  107  10:06  Shield Battery, Colossus  
  113  10:08  Shield Battery  
  113  10:10  Shield Battery  
  113  10:14  Probe  
  113  10:15  Probe x2  
  113  10:17  Assimilator  
  113  10:20  Assimilator  
  116  10:27  Probe x3  
  131  10:30  Void Ray  
  131  10:31  Void Ray x2  
  131  10:35  Protoss Shields Level 1  
  131  10:39  Probe x2  
  131  10:40  Probe  
  134  10:48  Stargate  
  134  10:49  Protoss Air Weapons Level 1, Protoss Air Armor Level 1, Stargate  
  134  10:51  Stargate  
  134  11:08  Carrier x3  
  152  11:19  Shadow Stride, Pylon  
  152  11:20  Pylon  
  152  11:21  Pylon  
  152  11:23  Pylon  
  160  11:47  Carrier  
  160  11:50  Mothership  
  160  11:52  Nexus  
  166  11:54  Pylon  
  166  11:55  Pylon  
  166  11:59  Carrier  
  172  12:08  Carrier  
  178  12:14  Photon Cannon  
  178  12:15  Photon Cannon  
  178  12:20  Photon Cannon  
  178  12:24  Photon Cannon  
  178  12:27  Shield Battery  
  178  12:29  Shield Battery  
  178  12:31  Shield Battery  
  178  12:35  Assimilator  
  178  12:39  Assimilator  
  178  12:59  Dark Templar x2  
  178  13:00  Dark Templar x2  
  184  13:32  Dark Templar x4  
Show
View Real Time Build Order
Export as new Build Order

Fiskn Terran 

Build Orders:  

Get SALT Encoding   

  12  0:01  SCV  
  13  0:18  SCV  
  13  0:19  Supply Depot  
  14  0:30  SCV  
  15  0:45  Barracks  
  15  0:46  SCV  
  16  0:51  Refinery  
  16  0:59  SCV  
  17  1:12  SCV  
  18  1:24  SCV  
  19  1:32  Marine  
  20  1:45  SCV  
  21  1:48  Command Center  
  21  1:58  Barracks Reactor  
  21  2:05  Orbital Command  
  21  2:15  Factory  
  21  2:28  Supply Depot  
  21  2:34  SCV  
  22  2:39  Marine  
  23  2:50  Marine  
  24  2:59  Factory Tech Lab  
  24  3:05  Engineering Bay  
  24  3:09  Barracks  
  24  3:10  Marine x2  
  24  3:12  Orbital Command  
  26  3:21  Starport  
  26  3:30  Marine x2  
  28  3:40  Terran Infantry Weapons Level 1  
  28  3:52  SCV, Refinery  
  29  3:58  Barracks  
  29  4:04  SCV  
  29  4:05  Orbital Command  
  30  4:18  Starport Reactor  
  31  4:31  SCV x2  
  31  4:33  Sensor Tower  
  32  4:43  SCV x2  
  32  4:45  Barracks Tech Lab  
  34  4:49  Barracks Reactor  
  34  4:51  Marine x2  
  36  4:58  Medivac  
  38  5:05  Supply Depot  
  35  5:12  Marine x3  
  35  5:29  Marine  
  35  5:30  Marine, Marauder  
  35  5:33  Marine  
  35  5:34  Marine  
  41  5:38  Widow Mine  
  43  5:42  Bunker  
  43  5:43  Supply Depot, Stimpack  
  43  5:47  Marine x2  
  45  5:52  Marauder  
  47  6:00  Marine, Missile Turret, Widow Mine  
  47  6:03  SCV x2  
  52  6:13  Marauder  
  52  6:15  SCV x2  
  56  6:20  Missile Turret  
  56  6:25  Marine x2  
  55  6:26  Marine x2, Sensor Tower  
  59  6:34  Marine  
  59  6:37  Missile Turret  
  60  6:41  Missile Turret  
  60  6:55  SCV x2  
  60  6:58  Missile Turret  
  60  6:59  Refinery  
  62  7:02  Terran Infantry Armor Level 1  
  62  7:07  SCV x2  
  64  7:11  Supply Depot  
  64  7:17  Medivac  
  64  7:19  SCV x2  
  68  7:25  Marine x2  
  70  7:32  Marine  
  70  7:33  Marauder  
  70  7:34  SCV  
  70  7:35  Supply Depot, SCV  
  78  7:44  Siege Tank  
  78  7:50  Combat Shield  
  78  7:56  Medivac  
  80  8:02  Armory  
  80  8:05  SCV  
  81  8:06  SCV  
  82  8:16  Siege Tank  
  82  8:17  SCV  
  86  8:22  Sensor Tower  
  86  8:54  Sensor Tower  
  86  8:56  Supply Depot  
  86  9:18  SCV, Marine x4, Marauder  
  86  9:19  Supply Depot  
  93  9:27  Refinery  
  93  9:30  Hi-Sec Auto Tracking  
  93  9:33  Terran Vehicle Weapons Level 1  
  93  9:34  Concussive Shells  
  93  9:35  Marine  
  94  9:39  Supply Depot  
  94  9:41  Supply Depot, Siege Tank, Marine x3, Marauder  
  102  10:01  SCV x2, Marine, Medivac  
  102  10:03  Marauder  
  102  10:05  Supply Depot  
  109  10:10  Factory  
  109  10:13  Siege Tank  
  112  10:17  Smart Servos  
  112  10:28  Supply Depot  
  112  10:30  Terran Infantry Weapons Level 2  
  112  10:33  Marine  
  112  10:34  Marine x2, Marauder  
  112  10:35  Marine  
  118  10:51  Marine x2  
  118  10:52  Marine x2  
  118  10:53  Missile Turret  
  118  10:56  Marauder  
  124  11:09  Marine x2  
  124  11:10  Marine x2  
  128  11:13  Factory Tech Lab  
  128  11:16  Missile Turret  
  128  11:17  Marauder  
  130  11:24  Command Center  
  130  11:30  SCV x2  
  132  11:38  Marine x2  
  134  11:43  Supply Depot  
  134  11:47  Sensor Tower  
  134  11:52  Siege Tank x2, Marine x2  
  142  11:55  Terran Vehicle And Ship Armor Level 1  
  142  12:05  Marauder  
  142  12:07  Supply Depot, Armory  
  144  12:14  Marine x4  
  148  12:21  Missile Turret  
  148  12:27  Marauder  
  148  12:28  Siege Tank  
  153  12:30  Supply Depot  
  153  12:31  Marine  
  153  12:32  Marine x3  
  157  12:37  Planetary Fortress  
  157  12:39  SCV x2, Refinery  
  157  12:43  Missile Turret  
  159  12:48  Marauder  
  159  12:49  Marine  
  159  12:51  SCV x2  
  163  12:56  Siege Tank  
  163  12:57  Marine  
  168  13:00  Supply Depot  
  168  13:04  Missile Turret  
  168  13:07  SCV x2  
  168  13:09  Marauder  
  172  13:31  Marauder  
  139  13:58  Marine  
  139  13:59  Marine x4  
  129  14:16  Marine x3  
  89  14:17  Marine x2  
Show
View Real Time Build Order
Export as new Build Order

Ekelpack Zerg - Winner!

Build Orders: Hatch First 

Get SALT Encoding   

  12  0:00  Drone  
  13  0:13  Overlord  
  13  0:18  Drone  
  14  0:31  Drone  
  15  0:46  Drone  
  15  0:47  Hatchery  
  15  1:02  Spawning Pool  
  14  1:04  Drone  
  14  1:08  Extractor  
  14  1:11  Drone  
  15  1:14  Drone  
  16  1:19  Drone  
  17  1:27  Drone  
  18  1:38  Drone  
  19  1:49  Queen  
  21  1:58  Queen  
  21  2:00  Drone  
  24  2:07  Drone  
  25  2:09  Drone  
  25  2:14  Overlord  
  26  2:17  Drone  
  26  2:20  Drone  
  28  2:28  Lair  
  28  2:33  Extractor  
  28  2:34  Drone  
  28  2:36  Drone  
  29  2:42  Drone x2  
  31  2:46  Drone  
  31  2:47  Extractor  
  31  2:53  Drone  
  31  2:55  Metabolic Boost  
  32  2:59  Zergling x4  
  32  3:04  Overlord  
  34  3:14  Zergling x4  
  36  3:24  Zergling x4  
  36  3:25  Zergling x4  
  40  3:32  Spire  
  39  3:37  Drone  
  39  3:40  Zergling x2  
  39  3:41  Zergling x4  
  43  3:42  Zergling x2  
  44  4:01  Drone, Extractor  
  44  4:02  Overlord  
  44  4:07  Overlord  
  45  4:24  Drone x5  
  45  4:25  Drone  
  45  4:29  Drone x3  
  53  4:36  Drone  
  53  4:37  Overlord  
  54  4:45  Drone x2  
  56  4:48  Drone  
  57  4:55  Overlord x2  
  49  5:22  Mutalisk x6  
  49  5:23  Mutalisk x2  
  65  5:31  Infestation Pit  
  64  5:35  Mutalisk  
  64  5:36  Mutalisk  
  68  5:44  Zerg Flyer Weapons Level 1  
  68  6:01  Queen  
  70  6:10  Mutalisk  
  70  6:11  Mutalisk x3  
  72  6:13  Hatchery  
  75  6:52  Hive  
  75  6:56  Drone x4  
  75  6:57  Drone x5  
  75  7:00  Overlord x3  
  84  7:08  Evolution Chamber  
  83  7:09  Evolution Chamber  
  83  7:11  Drone x2  
  84  7:25  Drone x4  
  84  7:28  Extractor  
  87  7:30  Extractor  
  87  7:32  Drone x3  
  87  7:33  Drone  
  90  8:02  Overlord x2  
  90  8:03  Overlord  
  90  8:05  Zerg Melee Weapons Level 1, Zerg Ground Armor Level 1  
  90  8:10  Ultralisk Cavern  
  73  8:46  Queen  
  65  8:52  Spore Crawler  
  65  8:54  Spore Crawler  
  65  8:55  Drone x3  
  66  9:05  Spore Crawler  
  66  9:07  Spore Crawler, Drone x3  
  66  9:09  Chitinous Plating  
  67  9:12  Drone  
  67  9:13  Overlord x5  
  68  9:18  Spore Crawler  
  68  9:19  Spore Crawler  
  68  9:20  Ultralisk x5  
  96  9:39  Ultralisk  
  96  9:40  Ultralisk  
  108  9:50  Adrenal Glands  
  108  10:03  Zergling x6  
  108  10:04  Zergling x2  
  112  10:07  Zerg Melee Weapons Level 2, Zerg Ground Armor Level 2  
  112  10:19  Hatchery  
  111  10:23  Drone x4, Extractor  
  111  10:24  Drone x5  
  111  10:25  Drone x2  
  121  10:28  Anabolic Synthesis  
  121  10:48  Extractor  
  120  10:52  Drone  
  120  10:55  Drone x5, Overlord x3  
  120  10:56  Overlord x3  
  126  11:19  Ultralisk  
  126  11:20  Ultralisk x3  
  150  11:32  Ultralisk  
  156  11:41  Overlord  
  156  11:55  Pneumatized Carapace  
  156  12:00  Ultralisk x4  
  180  12:10  Spore Crawler  
  180  12:14  Spore Crawler, Ultralisk  
  184  12:46  Overseer  
  184  12:47  Overseer x2  
  184  12:48  Ultralisk x2  
  184  12:49  Zergling x8  
  193  13:29  Ultralisk  
  193  13:30  Hatchery, Zergling x6  
  184  13:45  Ultralisk x3  
  184  13:46  Zergling x8, Ultralisk  
  184  13:47  Zergling x4  
  139  14:17  Zergling x2  
  139  14:18  Zergling x14  
Show
View Real Time Build Order
Export as new Build Order

Nyck Terran - Winner!

Build Orders: Reaper Expand 

Get SALT Encoding   

  12  0:00  SCV  
  13  0:12  SCV  
  14  0:17  Supply Depot  
  14  0:26  SCV  
  15  0:40  SCV  
  15  0:41  Barracks  
  16  0:48  Refinery  
  16  0:52  SCV  
  17  1:05  SCV  
  18  1:23  Command Center  
  18  1:33  Orbital Command  
  18  1:38  Reaper  
  19  1:48  Refinery  
  19  1:59  SCV  
  20  2:10  Factory  
  20  2:13  Supply Depot  
  20  2:15  SCV  
  21  2:21  Barracks Tech Lab  
  21  2:27  SCV  
  22  2:34  Orbital Command  
  22  2:39  SCV  
  23  2:54  SCV  
  24  2:58  Refinery  
  24  3:00  SCV  
  25  3:07  Starport, Barracks  
  25  3:12  Barracks  
  25  3:18  SCV x2  
  27  3:30  SCV x2  
  29  3:41  Combat Shield  
  29  3:42  SCV x2  
  31  3:50  Medivac  
  33  3:57  SCV x2  
  35  4:09  SCV x2  
  37  4:16  Marine  
  38  4:21  SCV x2  
  38  4:23  Refinery  
  40  4:28  Marine  
  40  4:29  Marine  
  42  4:32  Barracks  
  42  4:33  Factory Tech Lab  
  42  4:34  Starport Reactor  
  42  4:35  SCV x2  
  44  4:56  Command Center, Barracks Reactor  
  44  4:57  Barracks Reactor  
  44  5:00  Engineering Bay  
  44  5:07  Engineering Bay  
  44  5:10  Armory  
  44  5:13  SCV x2  
  46  5:29  Supply Depot  
  46  5:31  SCV  
  46  5:49  Supply Depot  
  46  5:50  SCV, Marine  
  46  5:51  Supply Depot, SCV, Terran Infantry Weapons Level 1, Siege Tank  
  46  5:52  Terran Infantry Armor Level 1  
  52  6:03  SCV x2  
  54  6:07  Marine x4  
  54  6:09  Medivac x2  
  54  6:11  Orbital Command  
  62  6:16  Supply Depot  
  62  6:24  Barracks Reactor  
  62  6:27  Stimpack  
  62  6:28  Command Center  
  62  6:39  Supply Depot  
  62  6:41  SCV x3  
  62  6:43  Marine  
  62  6:44  Marine x3  
  62  6:45  Marine  
  70  6:56  Siege Tank  
  70  6:58  Medivac x2  
  77  7:01  Marine x2  
  77  7:02  Supply Depot  
  77  7:03  SCV x3  
  82  7:15  SCV x3  
  85  7:17  Marine x4  
  85  7:18  Marine  
  90  7:27  Supply Depot  
  90  7:28  Medivac x2  
  94  7:30  Terran Vehicle And Ship Armor Level 1  
  94  7:42  Orbital Command  
  94  7:48  Terran Infantry Weapons Level 2  
  94  7:49  Terran Infantry Armor Level 2  
  94  7:51  Supply Depot  
  94  7:52  Marine x4  
  94  7:53  Marine x3  
  94  7:55  Command Center  
  101  8:06  Thor  
  111  8:14  Viking  
  111  8:15  Viking  
  110  8:57  Marine x5  
  115  9:03  Thor  
  115  9:05  Viking x2  
  116  9:22  Marine x5  
  116  9:23  Marine  
  116  9:24  Marine  
  122  9:28  Terran Vehicle And Ship Armor Level 2  
  123  9:33  Supply Depot  
  123  9:41  SCV x2  
  123  9:44  Refinery  
  125  9:46  Refinery  
  125  9:55  Supply Depot  
  125  9:58  Orbital Command  
  125  10:02  Marine x4  
  125  10:03  Marine x3  
  132  10:08  Thor  
  132  10:11  Viking x2  
  142  10:15  Terran Infantry Armor Level 3, Terran Infantry Weapons Level 3  
  142  10:18  Supply Depot  
  142  10:19  Starport  
  142  10:24  Marine x6  
  142  10:25  Marine  
  142  10:27  SCV x5  
  154  10:39  SCV x5  
  154  10:41  Marine x2, Viking x2  
  154  10:42  Marine x4  
  168  10:43  Marine  
  168  10:45  Supply Depot  
  170  10:53  Thor  
  176  10:58  Starport Reactor  
  176  10:59  Marine x3  
  179  11:06  SCV x4, Marine x4  
  179  11:07  Supply Depot  
  187  11:26  Refinery  
  187  11:28  Marine x5  
  187  11:29  Supply Depot, SCV x3  
  195  11:38  Refinery  
  195  11:47  Terran Vehicle And Ship Armor Level 3  
  195  11:50  Marine x3, Viking  
  195  11:52  Supply Depot  
  200  12:56  Command Center  
  200  13:01  Command Center  
  200  13:18  Marine  
  200  13:20  Marine  
  200  13:21  SCV x2, Marine x2  
  200  13:24  SCV  
  200  13:28  SCV x2  
  200  13:29  Viking  
  185  13:36  SCV, Marine  
  185  13:38  Marine x2  
  185  13:39  Marine  
  177  13:54  Marine  
  176  13:56  Marine  
  176  13:59  Marine x5  
  176  14:12  Marine  
  176  14:14  Marine  
  176  14:16  Marine  
  175  14:17  Marine  
Tags
 
Add a new tag
Caveats
  • Supply blocks, unpowered buildings, or Contaminate may cause inaccurate times.
  • Supply counts are checked every 10 seconds.